Map: Coda LE (Void)

Players

AgCl

  • Race: Protoss Protoss

Cluster - Winner!

  • Race: Terran Terran

VOD

Have the link to the VOD?

Description

PvT carrier example

Time

  • Played on: May 1, 2015, 9:45 a.m.
  • Length: 19:40
Show
View Real Time Build Order
Export as new Build Order

AgCl Protoss 

Build Orders: Oracle Opening, Oracle Opening, Carrier Rush 

Get SALT Encoding   

  12  0:03  Probe  
  13  0:26  Pylon  
  13  0:28  Probe  
  14  0:44  Probe  
  15  0:54  Gateway, Assimilator  
  15  0:56  Probe  
  16  0:59  Assimilator  
  16  1:09  Probe  
  17  1:21  Probe  
  18  1:33  Probe  
  18  1:36  Pylon  
  19  1:42  Zealot (Chrono Boost)  
  21  1:49  Probe (Chrono Boost)  
  21  1:51  Cybernetics Core  
  22  2:01  Probe (Chrono Boost)  
  24  2:08  Probe (Chrono Boost)  
  24  2:18  Probe (Chrono Boost)  
  24  2:27  Stargate  
  24  2:30  Mothership Core (Chrono Boost)  
  26  2:44  Probe (Chrono Boost)  
  27  2:56  Probe (Chrono Boost)  
  28  3:04  Probe (Chrono Boost)  
  28  3:05  Nexus  
  28  3:13  Probe  
  28  3:22  Pylon  
  28  3:25  Probe  
  29  3:36  Oracle  
  30  3:45  Fleet Beacon  
  30  3:50  Probe (Chrono Boost)  
  31  3:58  Probe (Chrono Boost)  
  31  4:02  Warp Gate  
  32  4:07  Carrier  
  32  4:08  Probe  
  40  4:32  Probe (Chrono Boost)  
  40  4:34  Probe (Chrono Boost)  
  41  4:43  Probe (Chrono Boost)  
  41  4:44  Probe (Chrono Boost)  
  43  4:51  Probe  
  43  4:52  Probe  
  44  5:03  Probe  
  45  5:08  Graviton Catapult (Chrono Boost)  
  45  5:10  Probe  
  45  5:13  Forge  
  45  5:14  Carrier (Chrono Boost)  
  46  5:15  Pylon  
  46  5:20  Probe (Chrono Boost)  
  47  5:30  Probe (Chrono Boost)  
  49  5:35  Assimilator  
  49  5:37  Probe (Chrono Boost)  
  49  5:39  Assimilator  
  56  5:42  Probe (Chrono Boost)  
  56  5:44  Probe (Chrono Boost)  
  57  6:00  Probe (Chrono Boost)  
  57  6:03  Probe (Chrono Boost)  
  60  6:12  Probe (Chrono Boost), Nexus, Protoss Air Weapons Level 1 (Chrono Boost)  
  60  6:15  Pylon  
  60  6:19  Pylon  
  60  6:20  Carrier (Chrono Boost)  
  60  6:33  Probe x2  
  68  6:45  Probe x2  
  67  6:58  Probe (Chrono Boost)  
  67  6:59  Photon Cannon x2  
  67  7:00  Pylon  
  67  7:01  Twilight Council  
  69  7:02  Probe (Chrono Boost)  
  69  7:03  Assimilator  
  70  7:09  Probe (Chrono Boost)  
  70  7:11  Probe (Chrono Boost)  
  70  7:14  Photon Cannon  
  71  7:18  Gateway  
  71  7:19  Stargate  
  71  7:26  Gateway, Carrier (Chrono Boost)  
  71  7:30  Probe  
  71  7:32  Gateway  
  71  7:34  Gateway  
  71  7:35  Probe x2  
  80  7:56  Dark Shrine  
  80  7:57  Carrier (Chrono Boost)  
  80  8:09  Charge (Chrono Boost)  
  80  8:26  Probe x2  
  82  8:27  Templar Archives  
  82  8:28  Assimilator  
  82  8:30  Pylon  
  82  8:31  Probe  
  83  8:36  Pylon  
  83  8:38  Probe  
  84  8:42  Pylon  
  84  8:43  Protoss Ground Weapons Level 1 (Chrono Boost)  
  84  8:48  Psionic Storm  
  84  9:05  Gateway  
  84  9:06  Pylon  
  84  9:07  Gateway, High Templar  
  84  9:08  High Templar  
  88  9:17  Photon Cannon  
  88  9:20  Gateway  
  88  9:21  Dark Templar, Pylon x2  
  90  9:26  Phoenix (Chrono Boost)  
  92  9:43  Pylon  
  92  9:44  Pylon  
  92  9:46  Gateway  
  92  9:48  Stargate  
  92  10:07  Zealot x2  
  94  10:15  Carrier (Chrono Boost)  
  94  10:17  Carrier x2 (Chrono Boost)  
  94  10:18  Zealot x2  
  98  10:29  Protoss Ground Armor Level 1 (Chrono Boost)  
  98  10:33  High Templar x2  
  120  10:58  Protoss Air Weapons Level 2 (Chrono Boost)  
  120  11:04  Nexus  
  120  11:08  Pylon  
  120  11:12  Assimilator  
  120  11:17  Assimilator  
  120  11:23  Pylon  
  118  11:31  Dark Templar x2  
  118  11:32  Dark Templar x2  
  126  11:34  Zealot x3  
  126  11:35  Zealot  
  126  11:37  Archon x2  
  130  11:55  Zealot x3  
  136  12:08  Forge  
  134  12:10  Gateway  
  134  12:12  Gateway  
  134  12:14  Photon Cannon  
  134  12:27  Protoss Ground Weapons Level 2 (Chrono Boost)  
  128  12:40  Zealot x3, High Templar  
  128  12:41  Zealot  
  138  12:44  Carrier (Chrono Boost)  
  134  12:51  Protoss Air Weapons Level 3  
  134  12:52  Zealot x2  
  134  13:05  Gateway  
  134  13:07  Gateway  
  134  13:08  Pylon  
  112  13:26  Archon  
  106  13:33  Dark Templar x3  
  102  13:43  Zealot x2  
  102  13:48  Stalker, Archon  
  96  13:57  High Templar x2  
  100  14:05  Gateway  
  100  14:06  Gateway  
  100  14:13  Protoss Shields Level 1 (Chrono Boost)  
  100  14:25  High Templar  
  102  14:34  Robotics Facility  
  102  14:39  Dark Templar  
  104  14:52  Dark Templar, Zealot  
  106  14:53  Carrier x3 (Chrono Boost)  
  106  14:56  Nexus  
  106  14:58  Pylon  
  106  15:18  Protoss Ground Weapons Level 3 (Chrono Boost)  
  124  15:23  Observer (Chrono Boost)  
  124  15:25  Protoss Air Armor Level 1  
  125  15:28  Archon  
  125  15:38  Observer (Chrono Boost)  
  96  16:05  Dark Templar x2  
  96  16:06  Dark Templar x2  
  96  16:07  Zealot x6  
  96  16:08  Zealot  
  96  16:09  Dark Templar  
  90  16:20  Archon  
  90  16:21  Archon  
  90  16:23  Zealot x2  
  90  16:29  Zealot x2  
  90  16:30  Zealot x2  
  84  16:33  Stalker  
  84  16:37  Zealot x2  
  80  16:54  Assimilator  
  75  16:58  Probe (Chrono Boost), High Templar x2  
  75  16:59  High Templar  
  75  17:00  High Templar  
  83  17:03  Observer  
  83  17:05  Zealot  
  83  17:06  Zealot  
  88  17:12  Assimilator  
  92  17:18  Probe x4 (Chrono Boost)  
  92  17:22  Probe (Chrono Boost), Dark Templar  
  91  17:24  Observer  
  91  17:25  Probe (Chrono Boost)  
  91  17:27  Zealot  
  91  17:40  Dark Templar x3  
  91  17:41  Dark Templar  
  91  17:43  Probe  
  98  17:53  Carrier (Chrono Boost), Archon x2  
  98  17:55  Zealot x4  
  106  18:11  Photon Cannon  
  109  18:13  Pylon  
  109  18:16  Probe (Chrono Boost)  
  113  18:28  Mothership Core (Chrono Boost)  
  121  19:03  Pylon  
  121  19:08  Photon Cannon  
  121  19:09  Photon Cannon  
  121  19:14  Photon Cannon  
  121  19:15  Archon x2  
  121  19:16  Zealot  
  121  19:17  Zealot x2, Photon Cannon  
  115  19:18  Pylon  
  91  19:27  Dark Templar x3  
  91  19:28  Zealot  
  91  19:29  Zealot x3  
Show
View Real Time Build Order
Export as new Build Order

Cluster Terran - Winner!

Build Orders: Reaper Expand, MMM Bio 

Get SALT Encoding   

  12  0:01  SCV  
  13  0:13  SCV  
  14  0:21  Supply Depot  
  14  0:25  SCV  
  15  0:42  SCV  
  16  0:44  Barracks  
  16  0:50  Refinery  
  16  0:54  SCV  
  17  1:06  SCV  
  18  1:32  Orbital Command  
  18  1:36  Reaper  
  18  1:38  Supply Depot  
  19  1:55  Command Center  
  18  2:08  SCV  
  19  2:21  Barracks Reactor  
  19  2:24  Barracks  
  19  2:25  Barracks  
  19  2:27  SCV  
  20  2:39  SCV  
  21  2:52  SCV  
  21  2:55  Supply Depot  
  21  2:57  Refinery  
  21  2:58  Marine x2  
  23  3:04  SCV  
  25  3:11  Marine x2  
  26  3:13  Orbital Command  
  26  3:17  Marine x2  
  26  3:18  SCV  
  29  3:30  Marine  
  31  3:39  Marine x2  
  32  3:42  Barracks Tech Lab  
  32  3:45  SCV  
  32  3:48  SCV  
  33  3:51  Bunker  
  33  3:57  Marine  
  33  3:58  SCV, Marine x2  
  33  4:00  SCV  
  33  4:02  Stimpack  
  38  4:09  Marine  
  39  4:14  Engineering Bay  
  39  4:17  Factory  
  39  4:19  SCV  
  39  4:20  SCV  
  39  4:21  Barracks Reactor  
  39  4:22  Marine x2  
  43  4:31  SCV  
  43  4:32  SCV  
  43  4:33  Marauder  
  47  4:44  SCV x2  
  49  4:46  Marine x2  
  49  4:51  Terran Infantry Weapons Level 1  
  50  4:56  SCV  
  50  4:58  Marine  
  50  4:59  Marine x2  
  48  5:21  Factory Reactor  
  48  5:25  Starport  
  45  5:30  SCV  
  45  5:31  SCV  
  47  5:35  Marine x2  
  47  5:36  Marine x2  
  47  5:42  SCV  
  52  5:43  SCV  
  53  5:54  SCV  
  53  5:56  Supply Depot  
  54  5:57  Supply Depot  
  54  6:05  Missile Turret  
  54  6:07  Missile Turret  
  54  6:15  Refinery  
  54  6:17  SCV x2, Medivac, Refinery, Marine x4  
  62  6:19  Marauder  
  62  6:22  Supply Depot  
  62  6:25  Medivac  
  66  6:30  SCV x2  
  68  6:36  Command Center  
  68  6:38  Marine x2  
  70  6:42  Supply Depot  
  70  6:43  Marine x2  
  70  6:44  Supply Depot  
  74  6:54  Marauder  
  74  6:55  Medivac  
  74  6:58  SCV  
  77  7:01  Marine  
  77  7:04  Medivac, Marine  
  77  7:05  Supply Depot  
  77  7:07  Supply Depot  
  81  7:10  SCV  
  81  7:11  Marine x2  
  84  7:21  SCV  
  84  7:22  SCV  
  86  7:23  Marine  
  86  7:24  Marauder, Marine  
  86  7:29  Supply Depot  
  90  7:33  SCV, Marine x2  
  86  7:47  Viking  
  86  7:50  Viking  
  90  7:52  Factory Reactor, Orbital Command  
  90  7:56  Starport  
  66  8:13  Marine x4  
  66  8:14  Marine  
  66  8:15  Orbital Command  
  66  8:17  Viking  
  73  8:20  Viking  
  75  8:27  SCV  
  75  8:31  Barracks  
  75  8:32  Supply Depot, Barracks, Marauder  
  75  8:33  Supply Depot  
  78  8:39  SCV  
  79  8:41  Marine x3  
  79  8:42  Marine  
  79  8:45  Viking  
  79  8:46  Viking  
  88  8:48  SCV x2  
  88  8:51  SCV  
  90  8:56  Supply Depot  
  90  9:00  SCV x2  
  90  9:01  Marine x4  
  96  9:09  Marine  
  96  9:11  Viking x2  
  96  9:13  SCV x2  
  103  9:18  Terran Infantry Armor Level 1  
  103  9:22  Armory  
  103  9:25  SCV x2  
  103  9:26  Engineering Bay  
  103  9:28  Marine  
  103  9:30  Barracks Reactor, Barracks Tech Lab  
  106  9:31  Marine x2  
  106  9:32  Marine  
  106  9:35  Viking  
  106  9:37  Viking  
  113  9:40  SCV  
  113  9:41  SCV  
  113  9:42  SCV  
  116  9:52  Combat Shields, SCV  
  117  9:53  SCV  
  117  9:54  SCV  
  117  9:55  Viking x2  
  117  9:56  Marauder, Marine x3  
  128  10:07  Missile Turret  
  128  10:11  Marine x4  
  129  10:22  Missile Turret  
  129  10:25  Viking x2  
  129  10:26  Viking x2, Marine x2  
  138  10:36  Marine  
  138  10:37  Marauder, Marine x4  
  138  10:42  Refinery x2  
  145  10:45  Terran Vehicle and Ship Weapons Level 1  
  145  10:46  Terran Infantry Weapons Level 2  
  145  10:49  SCV x2  
  148  10:50  SCV, Marine  
  148  10:51  Marine  
  150  11:13  Marine x5  
  150  11:14  Marauder  
  157  11:19  Supply Depot  
  157  11:20  Supply Depot x2  
  157  11:22  Supply Depot  
  157  11:40  Medivac, Marine x2  
  157  11:41  Marauder x2, Medivac x2, Marine x3  
  157  11:43  Factory Reactor  
  157  11:46  Medivac  
  174  11:53  Marine  
  175  11:58  Marine x2  
  175  12:00  Marine x3  
  179  12:01  Command Center  
  179  12:02  Marauder, Marine  
  182  12:10  Marine  
  183  12:25  Marine x5  
  183  12:26  Marauder  
  188  12:30  Viking x3  
  188  12:31  Marauder  
  188  12:32  SCV  
  188  12:36  SCV  
  197  12:45  SCV x2  
  197  12:50  Medivac  
  196  12:55  Marine  
  196  12:56  Marine x3  
  196  12:57  Marine  
  196  13:09  Marauder  
  196  13:10  Medivac  
  196  13:13  Marauder  
  126  13:32  Marine x4  
  126  13:33  Marauder, Viking, Marine x2  
  126  13:34  Viking x2  
  131  13:35  Marauder  
  131  13:40  Viking  
  118  13:49  Marine  
  118  13:50  Marine x4  
  118  13:54  Marauder  
  117  14:01  Starport  
  117  14:02  Starport  
  117  14:04  Marine x2  
  117  14:07  Marine  
  120  14:12  Ghost Academy, Terran Infantry Armor Level 2  
  120  14:13  Terran Infantry Weapons Level 3, Terran Vehicle and Ship Weapons Level 2  
  120  14:16  Marauder  
  122  14:29  Sensor Tower  
  122  14:34  Marine x4  
  122  14:35  Marauder, Marine x2  
  122  14:36  Viking x3  
  136  14:44  Missile Turret  
  136  14:56  Viking x3  
  130  15:04  Planetary Fortress  
  126  15:20  Marine x3  
  126  15:21  Marine x4  
  131  15:22  Marauder  
  135  15:38  Viking x3, Marine x3  
  135  15:39  Marauder  
  146  15:45  Marine x3  
  146  15:46  Marauder  
  149  15:56  Marine  
  121  16:05  Marine x3  
  121  16:06  Marine x3  
  121  16:07  Marine  
  121  16:08  Viking x2  
  121  16:09  Viking x2, Medivac x2  
  139  16:14  Marine  
  115  16:24  Marauder  
  115  16:25  Marauder  
  117  16:27  Marine x3  
  117  16:28  Marine x2  
  117  16:31  Marine  
  114  16:45  Viking x4, Marine x4  
  114  16:46  Marauder x2, Marine  
  117  16:49  Marine  
  110  17:03  Marine, Medivac  
  110  17:04  Medivac  
  110  17:07  Marauder  
  110  17:08  Marauder  
  119  17:15  Medivac  
  121  17:18  Command Center  
  121  17:24  Refinery, Marine x2  
  121  17:25  Marine x4  
  121  17:27  Refinery  
  121  17:28  Marauder  
  127  17:39  Command Center  
  129  17:52  Ghost  
  129  17:53  Ghost  
  129  17:57  Barracks  
  131  17:58  Barracks  
  131  18:05  Medivac x2  
  135  18:24  Marine x5  
  135  18:25  Marine  
  141  18:27  Ghost  
  143  18:42  Viking x2  
  143  18:45  Viking  
  149  19:06  Missile Turret  
  143  19:18  Marine x2  
  143  19:19  Marauder, Marine x4  
Tags
 
Add a new tag
Caveats
  • Supply blocks, unpowered buildings, or Contaminate may cause inaccurate times.
  • Supply counts are checked every 10 seconds.